 Dungeon Crawl Stone Soup version 0.26-a0-845-gfacbca91cf (webtiles) character file.

Game seed: 11305834134933021350

3178 Peloso the Carver (level 9, -13/78 HPs)
             Began as a Minotaur Fighter on Nov 19, 2020.
             Was a Follower of Okawaru.
             Mangled by an orc knight
             ... wielding a +0 glaive
              (18 damage)
             ... in a bailey.
             The game lasted 00:21:31 (7452 turns).

Peloso the Carver (Minotaur Fighter)                Turns: 7452, Time: 00:21:31

Health: -13/78     AC: 20    Str: 23    XL:     9   Next: 63%
Magic:  8/8        EV: 21    Int:  5    God:    Okawaru [*.....]
Gold:   385        SH: 12    Dex: 11    Spells: 8/8 levels left

rFire    x . .     SeeInvis .   a - +1 long sword
rCold    + . .     Faith    .   c - +1 kite shield
rNeg     . . .     Spirit   .   r - +4 plate armour
rPois    .         Reflect  .   (helmet restricted)
rElec    .         Harm     .   B - +0 cloak
rCorr    .         Rampage  .   g - +0 pair of gloves
MR       .....                  (no boots)
Stlth    ..........             y - amulet of the acrobat
HPRegen  0.23/turn              j - ring of ice
MPRegen  0.11/turn              (no ring)

@: acrobat
A: retaliatory headbutt, horns 2
a: Heroism, Renounce Religion


You were in a bailey.
You worshipped Okawaru.
Okawaru was aware of your devotion.
You visited 2 branches of the dungeon, and saw 8 of its levels.
You also visited: Ossuary and Bailey.

You collected 429 gold pieces.
You spent 44 gold pieces at shops.

Inventory:

Hand Weapons
 a - a +1 long sword (weapon)
 b - a +1 short sword of draining
Armour
 c - a +1 kite shield (worn)
 g - a +0 pair of gloves (worn)
 r - a +4 plate armour (worn)
 B - a +0 cloak (worn)
Jewellery
 j - a ring of ice (left hand)
 y - an amulet of the acrobat (around neck)
Wands
 d - a wand of acid (1)
 A - a wand of polymorph (4)
Scrolls
 e - 6 scrolls of remove curse
 h - 3 scrolls of fog
 i - 3 scrolls of identify
 m - 3 scrolls of teleportation
 p - 4 scrolls of enchant armour
 t - a scroll of amnesia
 u - a scroll of enchant weapon
Potions
 k - a potion of resistance
 l - 4 potions of curing
 n - a potion of ambrosia
 o - a potion of magic
 q - 2 potions of haste
 s - a potion of cancellation
 x - a potion of mutation


   Skills:
 + Level 6.7 Fighting
 + Level 10.5 Long Blades
 + Level 7.8 Armour
 + Level 2.1 Dodging
 + Level 0.4 Stealth
 + Level 9.0 Shields
 + Level 1.0 Evocations


You had 8 spell levels left.
You didn't know any spells.
Your spell library was empty.

Dungeon Overview and Level Annotations

Branches:
Dungeon (7/15)             Temple (1/1) D:6         Ossuary (visited)
 Bailey (1/1)

Altars:
Ashenzari
Cheibriados
Dithmenos
Elyvilon
Fedhas
Gozag
Hepliaklqana
Makhleb
Nemelex Xobeh
Okawaru
Qazlal
Ru
Sif Muna
Trog
Uskayaw
Vehumet
Wu Jian
Xom
Yredelemnul
Zin
The Shining One

Shops:
D:5 *

Annotations:
D:7 1 transporter, KennyOmg's ghost, novice MiBe


Innate Abilities, Weirdness & Mutations

You reflexively headbutt those who attack you in melee.
You have a pair of horns on your head.


Message History

The orc knight closely misses you. The orc knight misses you.
You open the door.
The orc knight roars a battlecry!
The orc knight goes into a battle-frenzy!
There is an open door here.
There is an open door here.
The orc warrior closely misses you.
The orc knight hits you from afar with a +0 glaive!!!
The orc knight barely misses you. You block the orc knight's attack.
The orc knight closely misses you.
The orc knight hits you but does no damage.
You block the orc knight's attack.
The orc knight hits you from afar with a +0 glaive!!
* * * LOW HITPOINT WARNING * * *
The orc knight hits you from afar with a +0 glaive.
* * * LOW HITPOINT WARNING * * *
The orc knight no longer looks unusually strong.
The orc knight hits you from afar with a +0 glaive!!
You die...

#.≈.######## ##'#############.≈
#.≈.##.$$$.##§§....§..#'.....##)≈
#.≈..## ##..§≈≈≈§≈§..##...##..≈
#.≈≈..## ##..≈≈§....≈§§§##.##..≈≈
#∩.≈≈..# #..≈≈...⌠..§§§§.#+#..≈≈.
##.≈≈..# #..≈≈..o∩⌠..≈§§.# #..≈≈.
#.≈≈..## #..≈≈ooo..≈≈..# ##..≈≈
#.≈..## +..≈≈≈≈≈≈≈..# ##..≈
#.≈.## #...@.....## ##.≈
#.≈.#############'###'#########.≈
#.≈..........##.....##....)[.)..≈
#.≈≈≈≈≈≈≈≈≈≈..##.∩.##..≈≈≈≈≈≈≈≈≈≈
#..........≈≈..##.##..≈≈.........
##########..≈≈..###..≈≈..########
##..≈≈.....≈≈..## ##..≈≈≈≈≈≈≈..##
##.........##


You could see 3 orc knights and an orc warrior (strong).

Vanquished Creatures
  An orc knight (Bailey)
  Grinder (D:3)
  The ghost of BuffBuff the Skirmisher, an amateur GrFi (D:3)
  A sky beast (D:5)
  3 ice beasts
  2 ogres
  3 phantoms
  2 centaurs (D:5)
  Blork the orc (D:4)
  A bullfrog (D:6)
  2 scorpions (D:5)
  5 wights (D:6)
  4 human zombies (Ossuary)
  2 orc priests
  Crazy Yiuf (D:3)
  A jelly (D:5)
  A hound (D:4)
  2 bullfrog skeletons (D:6)
  4 orc wizards
  Ijyb (D:4)
  3 worker ants
  A killer bee zombie (D:6)
  A big kobold zombie (Ossuary)
  A hound skeleton (D:5)
  2 hound zombies (Ossuary)
  3 mummies (Ossuary)
  11 adders
  A shadow imp (D:5)
  A white imp (D:5)
  An ufetubus (D:5)
  An ooze (D:2)
  4 adder zombies
  4 worms
  3 dart slugs (D:1)
  4 leopard geckos
  25 orcs
  9 bats
  6 giant cockroaches
  A gnoll zombie (Ossuary)
  10 goblins
  9 hobgoblins
  6 jackals (D:2)
  2 quokkas
  3 ball pythons
  11 frilled lizards
  2 goblin zombies (Ossuary)
  3 hobgoblin zombies (Ossuary)
  4 jackal zombies (Ossuary)
  3 kobolds (D:1)
  4 kobold zombies (Ossuary)
  A quokka skeleton (D:5)
  9 quokka zombies
  7 rats
  3 rat zombies (Ossuary)
198 creatures vanquished.

Notes
Turn   | Place    | Note
-------+----------+-------------------------------------------
     0 | D:1      | Peloso the Minotaur Fighter began the quest for the Orb.
     0 | D:1      | Reached XP level 1. HP: 19/19 MP: 0/0
   196 | D:1      | Reached XP level 2. HP: 27/27 MP: 1/1
   228 | D:1      | Reached skill level 3 in Long Blades
   499 | D:1      | Reached XP level 3. HP: 33/33 MP: 2/2
  1057 | D:2      | Reached skill level 4 in Long Blades
  1057 | D:2      | Reached XP level 4. HP: 39/40 MP: 3/3
  1878 | D:3      | Noticed BuffBuff's ghost (amateur GrFi)
  1881 | D:3      | Found a runed translucent door.
  1945 | D:3      | Reached XP level 5. HP: 44/46 MP: 4/4
  2064 | D:3      | Noticed Grinder
  2155 | D:3      | Paralysed by Grinder for 6 turns
  2172 | D:4      | Found a sand-covered staircase.
  2178 | Ossuary  | Entered an ossuary
  2339 | Ossuary  | Reached skill level 5 in Shields
  2503 | Ossuary  | Reached skill level 5 in Long Blades
  2512 | Ossuary  | Reached XP level 6. HP: 49/53 MP: 5/5
  3012 | D:4      | Noticed Ijyb
  3020 | D:4      | Killed Ijyb
  3029 | D:4      | Found a shadowy altar of Dithmenos.
  3330 | D:4      | Noticed Blork the orc
  3340 | D:4      | Killed Blork the orc
  3341 | D:4      | Reached skill level 6 in Long Blades
  3403 | D:4      | Reached XP level 7. HP: 60/60 MP: 6/6
  3460 | D:4      | Reached skill level 7 in Long Blades
  3704 | D:5      | Entered Level 5 of the Dungeon
  3729 | D:5      | Reached skill level 5 in Armour
  3843 | D:5      | Reached skill level 1 in Dodging
  3944 | D:5      | Found Hali's Assorted Antiques.
  3975 | D:5      | Bought a scroll of identify for 44 gold pieces
  4079 | D:5      | Reached skill level 8 in Long Blades
  4079 | D:5      | Reached XP level 8. HP: 62/67 MP: 7/7
  4139 | D:5      | Reached skill level 5 in Fighting
  4494 | D:5      | Reached skill level 9 in Long Blades
  5315 | D:6      | Found a staircase to the Ecumenical Temple.
  5331 | Temple   | Entered the Ecumenical Temple
  5433 | Temple   | Became a worshipper of Warmaster Okawaru
  5545 | D:6      | Reached XP level 9. HP: 70/75 MP: 8/8
  6212 | D:3      | Killed BuffBuff's ghost
  6213 | D:3      | Reached skill level 10 in Long Blades
  6332 | D:3      | Killed Grinder
  6421 | D:3      | Found a runed translucent door.
  6422 | D:3      | Noticed Crazy Yiuf
  6497 | D:3      | Killed Crazy Yiuf
  6717 | D:7      | Found a transporter.
  6722 | D:7      | Noticed KennyOmg's ghost (novice MiBe)
  6761 | D:7      | Found a flagged portal.
  6799 | Bailey   | Entered a bailey
  6880 | Bailey   | Noticed an orc knight
  6989 | Bailey   | Noticed an orc knight
  6989 | Bailey   | Noticed an orc knight
  7049 | Bailey   | Noticed an orc knight
  7086 | Bailey   | HP: 1/78 [orc knight/+0 bardiche (16)]
  7087 | Bailey   | Killed an orc knight
  7087 | Bailey   | Reached * piety under Okawaru
  7088 | Bailey   | Reached skill level 1 in Evocations
  7452 | Bailey   | Mangled by an orc knight

Illustrated notes

Levels and vault maps discovered:
D:1:      co_arrival_square_in_a_square_in_a_square, layout_basic
D:2:      layout_basic
D:3:      layout_rooms, hellmonk_ghost_happy_afterlife, uniq_grinder,
          uniq_crazy_yiuf_cottage
D:4:      layout_cave_pools, enter_ossuary_1,
          nicolae_dithmenos_through_a_glass_darkly, uniq_ijyb,
          uniq_blork_the_orc
D:5:      layout_basic, serial_shops, nicolae_shop_statue_plus
D:6:      layout_cave_pods, minmay_temple_entry_large_hall
D:7:      layout_gridville, gammafunk_ghost_stat_death, enter_bailey_3,
          cheibriados_altar_1, uniq_joseph
Temple:   kilobyte_greek_temple
Bailey:   bailey_polearm_1, bailey

Skill      XL: |  1  2  3  4  5  6  7  8  9 |
---------------+----------------------------+-----
Long Blades    | 3 4 5 6 8 9 10 | 10.5
Fighting       | 4 5 6 |  6.7
Shields        | 4 5 6 7 9 |  9.0
Armour         | 4 5 6 7 |  7.8
Dodging        | 1 2 |  2.1
Evocations     | 1 |  1.0
Stealth        | |  0.4

Action                   |  1- 3 |  4- 6 |  7- 9 || total
-------------------------+-------+-------+-------++-------
Melee: Long sword        |   121 |   243 |   301 ||   665
       Headbutt          |    19 |    47 |    53 ||   119
Evoke: Wand              |       |     1 |     6 ||     7
  Use: Potion            |     3 |     2 |     2 ||     7
       Scroll            |       |    14 |     5 ||    19
Armor: Scale mail        |     7 |       |       ||     7
       Plate armour      |    69 |   137 |   151 ||   357
       Skin              |       |       |     1 ||     1
Dodge: Dodged            |    17 |    49 |    92 ||   158
Block: Kite shield       |    71 |   132 |   214 ||   417
       Rpst.: Long sword |     3 |    13 |    14 ||    30

Table legend: (Time is in decaauts)
 A = Elapsed time spent in this place.
 B = Non-inter-level travel time spent in this place.
 C = Inter-level travel time spent in this place.
 D = Time resting spent in this place.
 E = Time spent auto-exploring this place.
 F = Levels seen in this place.
 G = Mean time per level.
                   A        B        C        D        E       F      G
               +--------+--------+--------+--------+--------+-----+--------+
         Total |   7539 |   7203 |    336 |    387 |   4706 |  10 |  753.9 |
       Dungeon |   5941 |   5605 |    336 |     18 |   4176 |   7 |  848.7 |
        Temple |    141 |    141 |      0 |      0 |     90 |   1 |  141.0 |
       Ossuary |    807 |    807 |      0 |     38 |    430 |   1 |  807.0 |
        Bailey |    649 |    649 |      0 |    331 |     10 |   1 |  649.0 |
               +--------+--------+--------+--------+--------+-----+--------+

Top non-repeatable levels by time:
     D:5: 1214 daAuts
     D:2: 1148 daAuts
     D:6: 1147 daAuts
     D:4: 821 daAuts
     D:3: 820 daAuts
 Ossuary: 807 daAuts
     D:1: 692 daAuts
  Bailey: 649 daAuts
  Temple: 141 daAuts
     D:7: 96 daAuts
